 Dungeon Crawl Stone Soup version 0.14-a0-1403-g5d3c58f (webtiles) character file.

415 PolkaDot the Ruinous (level 5, -4/35 HPs)
             Began as a Vampire Conjurer on Dec 10, 2013.
             Slain by a worker ant (7 damage)
             ... on Level 4 of the Dungeon.
             The game lasted 00:12:05 (2845 turns).

PolkaDot the Ruinous (Vampire Conjurer)             Turns: 2845, Time: 00:12:05

HP  -4/35        AC  2     Str  7      XL: 5   Next: 92%
MP   2/9         EV 12     Int 18      God:
Gold 159         SH  0     Dex 14      Spells:  3 memorised,  1 level left

rFire  . . .     SeeInvis +     d - +0 long sword
rCold  . . .     Clarity  .     a - +0 robe
rNeg   . . .     Conserve .     (no shield)
rPois  .         rCorr    .     (no helmet)
rElec  .         rRot     .     (no cloak)
SustAb . .       Spirit   .     (no gloves)
rMut   .         Warding  .     (no boots)
Saprov . . .     RndTele  +     (no amulet)
                                (no ring)
                                i - cursed ring of teleportation

@: regenerating quickly, mildly poisoned, very slightly contaminated, slightly
resistant to hostile enchantments, stealthy
A: fangs 3, see invisible, unbreathing
a: Evoke Teleportation


You were on level 4 of the Dungeon.
You were full.

You visited 1 branch of the dungeon, and saw 4 of its levels.

You collected 159 gold pieces.

Inventory:

Hand weapons
 d - a +0,+0 long sword (weapon)
Armour
 a - a +0 robe (worn)
Scrolls
 b - a scroll of curse jewellery {unknown}
 e - 2 scrolls of remove curse {unknown}
 j - a scroll of teleportation {unknown}
 k - a scroll of recharging {unknown}
Jewellery
 i - a cursed ring of teleportation (left hand)
Potions
 f - a potion of cure mutation
 h - a potion of restore abilities
Books
 c - a book of Conjurations

   Spells                             Type                      Level
   *Magic Dart                        Conjuration                  1
   *Searing Ray                       Conjuration                  2
   Dazzling Spray                     Conjuration/Hexes            3
   *Iskenderun's Mystic Blast         Conjuration                  4
   Iskenderun's Battlesphere          Conjuration/Charms           4
   Fulminant Prism                    Conjuration/Hexes            5
 g - a book of Control

   Spells                             Type                      Level
   Control Teleport                   Charms/Translocation         4
   Control Undead                     Necromancy                   4
   Enslavement                        Hexes                        4
   Mass Confusion                     Hexes                        6
   Metabolic Englaciation             Hexes/Ice                    6


   Skills:
 - Level 2.1 Dodging
 - Level 3.0 Stealth
 - Level 2.0 Spellcasting
 * Level 5.4 Conjurations


You had one spell level left.
You knew the following spells:

 Your Spells              Type           Power        Failure   Level  Hunger
a - Magic Dart            Conj           ###.         1%          1    #......
d - Iskenderun's Mystic   Conj           ###.....     24%         4    #####..
s - Searing Ray           Conj           ###...       3%          2    ##.....


Dungeon Overview and Level Annotations

Branches:
Dungeon (4/16)
 Temple: D:4-7

Altars:
Fedhas
Makhleb

Annotations:
D:3 mopl's ghost, average OpVM
D:4 Menkaure


Innate Abilities, Weirdness & Mutations

Your natural rate of healing is unusually fast.
You have razor-sharp teeth.*
You have supernaturally acute eyesight.
You can survive without breathing.*


Message History

The searing ray hits the worker ant.
The worker ant is severely wounded.
Casting: Searing Ray
Confirm with . or Enter, or press ? or * to list all spells.
Aiming: Searing Ray
Press: ? - help, Shift-Dir - straight line, f - worker ant
Aim: a worker ant (severely wounded)
You miscast Searing Ray.
You are very lightly contaminated with residual magic.
Nothing appears to happen.
The worker ant bites you!
You are poisoned.
The worker ant poisons you! The worker ant bites you.
* * * LOW HITPOINT WARNING * * *
The worker ant waves its antennae.
The worker ant bites you!
* * * LOW HITPOINT WARNING * * *
You are more poisoned.
The worker ant poisons you! The worker ant bites you!
You die...

#.....(# #.#
######......#####.#
...................
##..........#####.#
#.###......# #.# # #.#
#......# #.#
#.##.##.###......#####.#
..>......................
#.##.##@########.#####.#
#a# #.# #.. #.# #.# #..
..##.##M########.#####..
M........................
..#..........#########..
#.........[# #..
#.....$....# #.#
#..........# #.#


You could see Menkaure and a worker ant.

Vanquished Creatures
  A phantom (D:4)
  2 hounds
  4 adders (D:2)
  2 giant geckos (D:1)
  An ooze (D:4)
  2 orcs
  8 bats
  4 giant cockroaches
  6 goblins
  10 hobgoblins
  7 kobolds
  2 ball pythons (D:2)
  3 giant newts
  9 jackals
  2 quokkas
  8 rats
71 creatures vanquished.

Notes
Turn   | Place    | Note
--------------------------------------------------------------
     0 | D:1      | PolkaDot, the Vampire Conjurer, began the quest for the Orb.
     0 | D:1      | Reached XP level 1. HP: 13/13 MP: 3/3
   263 | D:1      | Reached XP level 2. HP: 19/19 MP: 1/4
   267 | D:1      | Learned a level 2 spell: Searing Ray
   981 | D:1      | Reached XP level 3. HP: 24/24 MP: 3/6
  1522 | D:2      | Reached skill level 4 in Conjurations
  1698 | D:2      | Found a blossoming altar of Fedhas.
  1852 | D:2      | Reached XP level 4. HP: 11/30 MP: 4/7
  1855 | D:2      | Found a burning altar of Makhleb.
  1871 | D:2      | Learned a level 4 spell: Iskenderun's Mystic Blast
  2027 | D:2      | HP: 1/30 [poisoned by a kobold]
  2388 | D:3      | Noticed mopl's ghost (average OpVM)
  2674 | D:4      | Reached XP level 5. HP: 30/35 MP: 9/9
  2703 | D:4      | Noticed a phantom
  2734 | D:4      | Killed a phantom
  2734 | D:4      | Reached skill level 5 in Conjurations
  2836 | D:4      | Noticed Menkaure
  2845 | D:4      | Slain by a worker ant

Action                   |  1- 3 |  4- 6 || total
-------------------------+-------+-------++-------
Melee: Unarmed           |    46 |       ||    46
       Long sword        |     8 |    60 ||    68
 Cast: Magic Dart        |    32 |       ||    32
       Searing Ray       |    17 |    11 ||    28
       Iskenderun's Myst |       |     1 ||     1
  Use: Potion            |     1 |     1 ||     2
       Scroll            |     2 |     4 ||     6
